AoeStats
← niklas

Arena

509726093Analyzed
2v2 RM · 5d ago on Sep 27, 2026· 69m 49s· 4 players
Game mode
Random Map
Map size
Medium (4 player)
Population
200
Speed
Normal
Resources
Standard
Victory
Conquest
Starting age
Dark Age
Ending age
Imperial Age
RankedLock teamsTeams togetherTeam positionsShared explorationLock speedFull tech treeHidden civsTurbo modeCheats
Victory
Defeat
🇩🇪 Bohemians · Germany
827
+14
🇩🇪 Persians · Germany
802
+14
🇮🇹 Franks · Italy
779
-14
🇮🇹 Khmer · Italy
776
-14
Giank
2:17 Loom
13:35 Feudal Age
17:42 Castle Age
16:26 Double-Bit Axe
16:45 Horse Collar
19:12 Bow Saw
20:10 Heavy Plow
23:27 Pikeman
29:34 Arson
29:22 Elite Skirmisher
36:42 Man-at-Arms
40:09 Fletching
42:05 Forging
44:27 Wheelbarrow
43:38 Town Watch
49:05 Padded Archer Armor
53:10 Iron Casting
52:34 Bodkin Arrow
52:56 Leather Archer Armor
52:42 Scale Mail Armor
59:03 Wheelbarrow
59:12 Town Watch
64:28 Long Swordsman
pale.feola
10:56 Feudal Age
11:28 Town Watch
15:09 Castle Age
15:35 Loom
23:05 Double-Bit Axe
24:32 Bow Saw
27:57 Town Patrol
28:40 Wheelbarrow
29:45 Hand Cart
30:47 Pikeman
36:52 Imperial Age
36:28 Husbandry
37:18 Cavalier
39:12 Forging
39:08 Scale Barding Armor
40:59 Paladin
42:31 Fortified Wall
43:22 Chemistry
42:19 Halberdier
42:59 Squires
46:20 Man-at-Arms
49:35 Iron Casting
49:21 Chain Barding Armor
49:39 Iron Casting
48:29 Long Swordsman
50:44 Two-Handed Swordsman
53:24 Champion
63:11 Light Cavalry
flixy
8:21 Loom
11:23 Feudal Age
15:54 Castle Age
14:38 Town Watch
17:47 Double-Bit Axe
18:06 Horse Collar
20:55 Town Patrol
21:58 Wheelbarrow
23:33 Bow Saw
24:38 Heavy Plow
30:06 Husbandry
35:43 Hand Cart
36:32 Scale Barding Armor
37:32 Wagenburg Tactics
41:30 Imperial Age
38:54 Pikeman
39:35 Squires
43:21 Conscription
42:43 Halberdier
43:29 Scale Mail Armor
43:39 Forging
43:51 Chain Barding Armor
43:23 Fletching
43:34 Padded Archer Armor
49:50 Crossbowman
52:36 Leather Archer Armor
53:43 Arbalester
55:02 Bodkin Arrow
55:24 Chain Mail Armor
57:31 Chemistry
56:52 Ballistics
57:35 Cavalier
59:48 Ring Archer Armor
59:55 Iron Casting
65:31 Murder Holes
67:31 Blast Furnace
69:10 Two-Man Saw
niklas
7:34 Loom
10:38 Feudal Age
13:50 Wheelbarrow
16:16 Castle Age
14:47 Horse Collar
17:43 Wheelbarrow
17:59 Double-Bit Axe
24:25 Crossbowman
25:11 Thumb Ring
26:50 Kamandaran
27:43 Fletching
30:02 Ballistics
30:03 Bodkin Arrow
35:28 Padded Archer Armor
36:01 Bow Saw
35:53 Heavy Plow
36:09 Masonry
36:48 Hand Cart
38:15 Elite Skirmisher
41:38 Leather Archer Armor
40:47 Pikeman
44:40 Imperial Age
43:51 Squires
43:59 Gold Mining
44:00 Stone Mining
46:53 Halberdier
50:39 Conscription
50:33 Forging
50:24 Scale Mail Armor
50:45 Capped Ram
52:09 Iron Casting
56:08 Murder Holes
63:38 Blast Furnace
62:53 Chain Mail Armor
63:10 Ring Archer Armor
Connection lost

Rejoining the realm…

Still unreachable

The connection could not be restored.

Session expired

The server has moved on; the page needs a fresh start.